 Dungeon Crawl Stone Soup version 0.28.0 (webtiles) character file.

Game seed: 1078681884356786076

284 bande the Covered (level 6, -2/38 HPs)
             Began as a Gargoyle Fighter on Feb 6, 2022.
             Killed by divine providence
             ... invoked by an orc priest
              (12 damage)
             ... on level 3 of the Dungeon.
             The game lasted 00:06:10 (4437 turns).

bande the Covered (Gargoyle Fighter)                Turns: 4437, Time: 00:06:10

Health: -2/38      AC: 14    Str: 18 (20) XL:     6   Next: 29%
Magic:  6/6        EV:  7    Int:  7 (8)  God:
Gold:   150        SH:  6    Dex: 15 (17) Spells: 5/5 levels left

rFire   + . .      SeeInvis .   k - +2 hand axe (pain)
rCold   + . .      Faith    .   c - +1 buckler
rNeg    + . .      Spirit   .   f - +0 chain mail
rPois   ∞          Reflect  .   (no helmet)
rElec   +          Harm     .   b - scarf {rC+ rF+}
rCorr   .          Rampage  .   (no gloves)
Will    .....                   (no boots)
Stlth   ..........              (no amulet)
HPRegen 0.12/turn               g - ring of flight
MPRegen 0.10/turn               l - +6 ring of dexterity

@: brilliant, flying
A: sickness immunity, AC +4, negative energy resistance 1, electricity
resistance, torment resistance 1, petrification resistance
a: no special abilities


You were on level 3 of the Dungeon.
You visited 1 branch of the dungeon, and saw 3 of its levels.

You collected 150 gold pieces.

Inventory:

Hand Weapons
 a - a +1 war axe
 k - a +2 hand axe of pain (weapon)
Armour
 b - a scarf of resistance (worn)
 c - a +1 buckler (worn)
 f - a +0 chain mail (worn)
Jewellery
 g - a ring of flight (left hand)
 l - a +6 ring of dexterity (right hand)
 o - an amulet of magic regeneration
Wands
 d - a wand of flame (14)
Scrolls
 e - a scroll of enchant weapon
 i - a scroll of summoning
 m - a scroll of fear


   Skills:
 + Level 4.1 Fighting
 + Level 3.7 Axes
 + Level 5.1 Armour
 - Level 0.4 Stealth
 + Level 4.1 Shields


You had 5 spell levels left.
You didn't know any spells.
Your spell library contained the following spells:

 Spells                   Type           Power      Damage    Failure   Level
 Sting                    Tmut/Pois      0%         1d3       100%        1
 Corpse Rot               Necr/Air       0%         N/A       100%        2
 Ensorcelled Hibernation  Hex/Ice        0%         N/A       100%        2
 Passwall                 Tmut/Erth      0%         N/A       100%        2
 Poisonous Vapours        Pois/Air       0%         N/A       100%        2
 Swiftness                Air            0%         N/A       100%        3
 Olgreb's Toxic Radiance  Pois           0%         N/A       100%        4


Dungeon Overview and Level Annotations

Branches:
Dungeon (3/15)

Altars:
Dithmenos


Innate Abilities, Weirdness & Mutations

You are immune to sickness and miasma.
Your stone body is resilient. (AC +4)
You are immune to poison.
You resist negative energy. (rN+)
You are resistant to electric shocks. (rElec)
You are resistant to unholy torment.
You are immune to petrification.


Message History

You are too injured to fight recklessly!
Unknown command.
You feel better. The orc priest barely misses you. You block the orc's attack.
The orc priest hits you with a +0 whip. The orc priest barely misses you.
Unknown command.
You closely miss the orc priest. You barely miss the orc.
You hit the orc priest but do no damage.
The orc priest barely misses you. The orc hits you but does no damage.
The orc priest hits you with a +0 whip.
The orc priest hits you but does no damage.
You barely miss the orc priest. You hit the orc priest. You hit the orc.
The orc priest hits you but does no damage.
The orc hits you but does no damage.
The orc priest mumbles some strange prayers to Beogh against you.
You are unaffected.
You block the orc priest's attack.
You completely miss the orc priest. You hit the orc but do no damage.
You closely miss the orc priest.
The orc priest hits you but does no damage.
The orc hits you but does no damage. The orc priest hits you with a +0 whip.
You block the orc priest's attack. The orc barely misses you.
The orc priest hits you with a +0 hand axe.
* * * LOW HITPOINT WARNING * * *
It was a potion of brilliance.
You feel clever all of a sudden.
The orc priest casts a cantrip, but nothing happens.
You block the orc priest's attack.
The orc priest hits you but does no damage.
The orc barely misses you.
It was a potion of degeneration.
There was something very wrong with that liquid.
You feel weakened.
You feel dopey.
You feel clumsy.
The orc priest hits you but does no damage.
You block the orc priest's attack.
The orc priest looks satisfied for a moment.
The orc barely misses you.
You closely miss the orc priest. You hit the orc. You slash the orc priest!
You kill the orc priest!
The orc priest invokes the aid of Beogh against you.
Beogh smites you!
You die...

......#.......#####
.......#...###......
.......#...# #......
##.. #...# #......
#############...... #
#...........#.##... ...
#.#########...##...
.....#.)o.....###.......
.......@8...8.. #.......
.......)o...... #.......
........o...... #.......
####...........$#.......
...#..8...8..##.....##
#####........# #..####
#.######## #.


You could see 2 orc priests and an orc.

Vanquished Creatures
  Grinder (D:2)
  An orc priest (D:3)
  4 gnolls
  An adder (D:2)
  A worm (D:3)
  3 dart slugs
  3 orcs (D:3)
  3 ball pythons
  5 bats
  5 endoplasms
  2 giant cockroaches (D:1)
  3 goblins
  5 hobgoblins
  2 kobolds
  A quokka (D:3)
  5 frilled lizards
  3 rats
48 creatures vanquished.

Vanquished Creatures (collateral kills)
  A bat (D:3)
1 creature vanquished.

Grand Total: 49 creatures vanquished

Notes
Turn   | Place    | Note
-------+----------+-------------------------------------------
     0 | D:1      | bande the Gargoyle Fighter began the quest for the Orb.
     0 | D:1      | Reached XP level 1. HP: 14/14 MP: 1/1
   176 | D:1      | Reached XP level 2. HP: 19/19 MP: 2/2
  1051 | D:2      | Found a faded altar of an unknown god.
  1110 | D:2      | Reached XP level 3. HP: 23/23 MP: 3/3
  2449 | D:1      | Reached XP level 4. HP: 20/29 MP: 4/4
  3287 | D:2      | Reached skill level 4 in Armour
  3581 | D:3      | Noticed Grinder
  3604 | D:3      | Paralysed by Grinder for 7 turns
  3629 | D:3      | Paralysed by Grinder for 4 turns
  3801 | D:3      | Paralysed by Grinder for 4 turns
  3817 | D:2      | Killed Grinder
  3818 | D:2      | Reached skill level 5 in Armour
  3818 | D:2      | Reached XP level 5. HP: 3/33 MP: 5/5
  3818 | D:2      | Reached XP level 6. HP: 4/38 MP: 6/6
  4221 | D:3      | Found a shadowy altar of Dithmenos.
  4437 | D:3      | Killed from afar by an orc priest

Illustrated notes

Levels and vault maps discovered:
D:1:      grunt_arrival_crossed_arrows, layout_loops_corners
D:2:      layout_basic, ebering_ecumenical_altar_sacrificial
D:3:      cheibrodos_pilgrimage, layout_basic, grunt_dithmenos_smoke,
          minmay_crystal_water, uniq_grinder

Skill      XL: |  1  2  3  4 |
---------------+-------------+-----
Axes           | 2 3 |  3.7
Armour         | 5 |  5.1
Fighting       | 4 |  4.1
Shields        | 4 |  4.1
Stealth        | |  0.4

Action                   |  1- 3 |  4- 6 || total
-------------------------+-------+-------++-------
Melee: War axe           |    53 |       ||    53
       Hand axe          |    24 |    67 ||    91
  Use: Scroll            |     5 |     2 ||     7
       Potion            |       |     4 ||     4
Armor: Scale mail        |     8 |       ||     8
       Chain mail        |    33 |    39 ||    72
       Skin              |       |     3 ||     3
Dodge: Dodged            |    34 |    19 ||    53
Block: Buckler           |    16 |    24 ||    40
